Workbook

Sheet 1.25最多
A1: 地市 | B1: 单位 | C1: 岗位 | D1: 岗位代码 | E1: 报考人数 | F1: 招录人数 | G1: 竞争比
A2: =VLOOKUP(D2,'匹配表（勿动）'!A:E,2,0) -> 区直 | B2: =VLOOKUP(D2,'匹配表（勿动）'!A:E,4,0) -> 各级人民法院 | C2: =VLOOKUP(D2,'匹配表（勿动）'!A:E,5,0) -> 法官助理职位二 | D2: 45150002 | E2: 935 | F2: =VLOOKUP(D2,'匹配表（勿动）'!A:F,6,0) -> 140 | G2: =ROUND(E2/F2,0)&":"&"1" -> 7:1
A3: =VLOOKUP(D3,'匹配表（勿动）'!A:E,2,0) -> 贵港 | B3: =VLOOKUP(D3,'匹配表（勿动）'!A:E,4,0) -> 贵港市平南县乡镇机关 | C3: =VLOOKUP(D3,'匹配表（勿动）'!A:E,5,0) -> 综合管理职位三 | D3: 45080091 | E3: 919 | F3: =VLOOKUP(D3,'匹配表（勿动）'!A:F,6,0) -> 6 | G3: =ROUND(E3/F3,0)&":"&"1" -> 153:1
A4: =VLOOKUP(D4,'匹配表（勿动）'!A:E,2,0) -> 梧州 | B4: =VLOOKUP(D4,'匹配表（勿动）'!A:E,4,0) -> 梧州市岑溪市乡镇机关 | C4: =VLOOKUP(D4,'匹配表（勿动）'!A:E,5,0) -> 综合职位二 | D4: 45040097 | E4: 717 | F4: =VLOOKUP(D4,'匹配表（勿动）'!A:F,6,0) -> 5 | G4: =ROUND(E4/F4,0)&":"&"1" -> 143:1
A5: =VLOOKUP(D5,'匹配表（勿动）'!A:E,2,0) -> 贵港 | B5: =VLOOKUP(D5,'匹配表（勿动）'!A:E,4,0) -> 贵港市桂平市乡镇机关 | C5: =VLOOKUP(D5,'匹配表（勿动）'!A:E,5,0) -> 综合职位九 | D5: 45080070 | E5: 694 | F5: =VLOOKUP(D5,'匹配表（勿动）'!A:F,6,0) -> 6 | G5: =ROUND(E5/F5,0)&":"&"1" -> 116:1
A6: =VLOOKUP(D6,'匹配表（勿动）'!A:E,2,0) -> 柳州 | B6: =VLOOKUP(D6,'匹配表（勿动）'!A:E,4,0) -> 柳州市融水苗族自治县乡镇机关 | C6: =VLOOKUP(D6,'匹配表（勿动）'!A:E,5,0) -> 综合职位五 | D6: 45020234 | E6: 682 | F6: =VLOOKUP(D6,'匹配表（勿动）'!A:F,6,0) -> 7 | G6: =ROUND(E6/F6,0)&":"&"1" -> 97:1
A7: =VLOOKUP(D7,'匹配表（勿动）'!A:E,2,0) -> 南宁 | B7: =VLOOKUP(D7,'匹配表（勿动）'!A:E,4,0) -> 南宁市宾阳县乡镇人民政府 | C7: =VLOOKUP(D7,'匹配表（勿动）'!A:E,5,0) -> 综合职位四 | D7: 45010143 | E7: 634 | F7: =VLOOKUP(D7,'匹配表（勿动）'!A:F,6,0) -> 3 | G7: =ROUND(E7/F7,0)&":"&"1" -> 211:1
A8: =VLOOKUP(D8,'匹配表（勿动）'!A:E,2,0) -> 南宁 | B8: =VLOOKUP(D8,'匹配表（勿动）'!A:E,4,0) -> 南宁市青秀区综合行政执法队 | C8: =VLOOKUP(D8,'匹配表（勿动）'!A:E,5,0) -> 综合职位三（一级科员） | D8: 45010268 | E8: 624 | F8: =VLOOKUP(D8,'匹配表（勿动）'!A:F,6,0) -> 4 | G8: =ROUND(E8/F8,0)&":"&"1" -> 156:1
A9: =VLOOKUP(D9,'匹配表（勿动）'!A:E,2,0) -> 南宁 | B9: =VLOOKUP(D9,'匹配表（勿动）'!A:E,4,0) -> 南宁市青秀区行政机关 | C9: =VLOOKUP(D9,'匹配表（勿动）'!A:E,5,0) -> 综合职位（一级科员） | D9: 45010259 | E9: 555 | F9: =VLOOKUP(D9,'匹配表（勿动）'!A:F,6,0) -> 2 | G9: =ROUND(E9/F9,0)&":"&"1" -> 278:1
A10: =VLOOKUP(D10,'匹配表（勿动）'!A:E,2,0) -> 区直 | B10: =VLOOKUP(D10,'匹配表（勿动）'!A:E,4,0) -> 自治区园区投促中心 | C10: =VLOOKUP(D10,'匹配表（勿动）'!A:E,5,0) -> 招商引资职位一 | D10: 45150039 | E10: 544 | F10: =VLOOKUP(D10,'匹配表（勿动）'!A:F,6,0) -> 1 | G10: =ROUND(E10/F10,0)&":"&"1" -> 544:1
A11: =VLOOKUP(D11,'匹配表（勿动）'!A:E,2,0) -> 区直 | B11: =VLOOKUP(D11,'匹配表（勿动）'!A:E,4,0) -> 自治区农业农村厅直属参公单位 | C11: =VLOOKUP(D11,'匹配表（勿动）'!A:E,5,0) -> 智慧农业技术应用及推广职位 | D11: 45150052 | E11: 541 | F11: =VLOOKUP(D11,'匹配表（勿动）'!A:F,6,0) -> 5 | G11: =ROUND(E11/F11,0)&":"&"1" -> 108:1
A12: =VLOOKUP(D12,'匹配表（勿动）'!A:E,2,0) -> 玉林 | B12: =VLOOKUP(D12,'匹配表（勿动）'!A:E,4,0) -> 玉林市容县乡镇人民政府 | C12: =VLOOKUP(D12,'匹配表（勿动）'!A:E,5,0) -> 综合职位五 | D12: 45250135 | E12: 539 | F12: =VLOOKUP(D12,'匹配表（勿动）'!A:F,6,0) -> 2 | G12: =ROUND(E12/F12,0)&":"&"1" -> 270:1 | L12: 79580
A13: =VLOOKUP(D13,'匹配表（勿动）'!A:E,2,0) -> 南宁 | B13: =VLOOKUP(D13,'匹配表（勿动）'!A:E,4,0) -> 南宁市民族宗教事务委员会 | C13: =VLOOKUP(D13,'匹配表（勿动）'!A:E,5,0) -> 综合职位 | D13: 45010024 | E13: 537 | F13: =VLOOKUP(D13,'匹配表（勿动）'!A:F,6,0) -> 1 | G13: =ROUND(E13/F13,0)&":"&"1" -> 537:1 | L13: 2594
A14: =VLOOKUP(D14,'匹配表（勿动）'!A:E,2,0) -> 南宁 | B14: =VLOOKUP(D14,'匹配表（勿动）'!A:E,4,0) -> 南宁市科学技术协会 | C14: =VLOOKUP(D14,'匹配表（勿动）'!A:E,5,0) -> 综合职位 | D14: 45010017 | E14: 529 | F14: =VLOOKUP(D14,'匹配表（勿动）'!A:F,6,0) -> 1 | G14: =ROUND(E14/F14,0)&":"&"1" -> 529:1
A15: =VLOOKUP(D15,'匹配表（勿动）'!A:E,2,0) -> 梧州 | B15: =VLOOKUP(D15,'匹配表（勿动）'!A:E,4,0) -> 梧州市岑溪市乡镇机关 | C15: =VLOOKUP(D15,'匹配表（勿动）'!A:E,5,0) -> 综合职位三 | D15: 45040098 | E15: 504 | F15: =VLOOKUP(D15,'匹配表（勿动）'!A:F,6,0) -> 4 | G15: =ROUND(E15/F15,0)&":"&"1" -> 126:1
A16: =VLOOKUP(D16,'匹配表（勿动）'!A:E,2,0) -> 南宁 | B16: =VLOOKUP(D16,'匹配表（勿动）'!A:E,4,0) -> 南宁市社会保险事业管理中心 | C16: =VLOOKUP(D16,'匹配表（勿动）'!A:E,5,0) -> 综合职位四 | D16: 45010052 | E16: 495 | F16: =VLOOKUP(D16,'匹配表（勿动）'!A:F,6,0) -> 2 | G16: =ROUND(E16/F16,0)&":"&"1" -> 248:1
A17: =VLOOKUP(D17,'匹配表（勿动）'!A:E,2,0) -> 区直 | B17: =VLOOKUP(D17,'匹配表（勿动）'!A:E,4,0) -> 各级人民法院 | C17: =VLOOKUP(D17,'匹配表（勿动）'!A:E,5,0) -> 法官助理职位一 | D17: 45150001 | E17: 494 | F17: =VLOOKUP(D17,'匹配表（勿动）'!A:F,6,0) -> 140 | G17: =ROUND(E17/F17,0)&":"&"1" -> 4:1
A18: =VLOOKUP(D18,'匹配表（勿动）'!A:E,2,0) -> 南宁 | B18: =VLOOKUP(D18,'匹配表（勿动）'!A:E,4,0) -> 南宁市兴宁区市场监督管理局 | C18: =VLOOKUP(D18,'匹配表（勿动）'!A:E,5,0) -> 综合职位五 | D18: 45010228 | E18: 493 | F18: =VLOOKUP(D18,'匹配表（勿动）'!A:F,6,0) -> 1 | G18: =ROUND(E18/F18,0)&":"&"1" -> 493:1
A19: =VLOOKUP(D19,'匹配表（勿动）'!A:E,2,0) -> 南宁 | B19: =VLOOKUP(D19,'匹配表（勿动）'!A:E,4,0) -> 南宁市青秀区市场监督管理局 | C19: =VLOOKUP(D19,'匹配表（勿动）'!A:E,5,0) -> 桃源市场监管所职位（一级科员） | D19: 45010265 | E19: 493 | F19: =VLOOKUP(D19,'匹配表（勿动）'!A:F,6,0) -> 1 | G19: =ROUND(E19/F19,0)&":"&"1" -> 493:1
A20: =VLOOKUP(D20,'匹配表（勿动）'!A:E,2,0) -> 钦州 | B20: =VLOOKUP(D20,'匹配表（勿动）'!A:E,4,0) -> 钦州市浦北县乡镇机关 | C20: =VLOOKUP(D20,'匹配表（勿动）'!A:E,5,0) -> 综合职位二 | D20: 45070072 | E20: 491 | F20: =VLOOKUP(D20,'匹配表（勿动）'!A:F,6,0) -> 6 | G20: =ROUND(E20/F20,0)&":"&"1" -> 82:1
A21: =VLOOKUP(D21,'匹配表（勿动）'!A:E,2,0) -> 贺州 | B21: =VLOOKUP(D21,'匹配表（勿动）'!A:E,4,0) -> 贺州市钟山县乡镇基层机关 | C21: =VLOOKUP(D21,'匹配表（勿动）'!A:E,5,0) -> 基层综合职位一 | D21: 45240089 | E21: 487 | F21: =VLOOKUP(D21,'匹配表（勿动）'!A:F,6,0) -> 4 | G21: =ROUND(E21/F21,0)&":"&"1" -> 122:1
A22: =VLOOKUP(D22,'匹配表（勿动）'!A:E,2,0) -> 南宁 | B22: =VLOOKUP(D22,'匹配表（勿动）'!A:E,4,0) -> 南宁市邕宁区那楼镇人民政府 | C22: =VLOOKUP(D22,'匹配表（勿动）'!A:E,5,0) -> 综合职位二（一级科员） | D22: 45010315 | E22: 486 | F22: =VLOOKUP(D22,'匹配表（勿动）'!A:F,6,0) -> 1 | G22: =ROUND(E22/F22,0)&":"&"1" -> 486:1
A23: =VLOOKUP(D23,'匹配表（勿动）'!A:E,2,0) -> 柳州 | B23: =VLOOKUP(D23,'匹配表（勿动）'!A:E,4,0) -> 柳州市融水苗族自治县乡镇机关 | C23: =VLOOKUP(D23,'匹配表（勿动）'!A:E,5,0) -> 综合职位六 | D23: 45020235 | E23: 481 | F23: =VLOOKUP(D23,'匹配表（勿动）'!A:F,6,0) -> 6 | G23: =ROUND(E23/F23,0)&":"&"1" -> 80:1
A24: =VLOOKUP(D24,'匹配表（勿动）'!A:E,2,0) -> 贺州 | B24: =VLOOKUP(D24,'匹配表（勿动）'!A:E,4,0) -> 贺州市八步区基层乡镇机关 | C24: =VLOOKUP(D24,'匹配表（勿动）'!A:E,5,0) -> 基层综合职位三 | D24: 45240037 | E24: 473 | F24: =VLOOKUP(D24,'匹配表（勿动）'!A:F,6,0) -> 3 | G24: =ROUND(E24/F24,0)&":"&"1" -> 158:1
A25: =VLOOKUP(D25,'匹配表（勿动）'!A:E,2,0) -> 贵港 | B25: =VLOOKUP(D25,'匹配表（勿动）'!A:E,4,0) -> 贵港市桂平市乡镇机关 | C25: =VLOOKUP(D25,'匹配表（勿动）'!A:E,5,0) -> 综合职位五 | D25: 45080066 | E25: 452 | F25: =VLOOKUP(D25,'匹配表（勿动）'!A:F,6,0) -> 6 | G25: =ROUND(E25/F25,0)&":"&"1" -> 75:1
... A301: =VLOOKUP(D301,'匹配表（勿动）'!A:E,2,0) -> 区直 | B301: =VLOOKUP(D301,'匹配表（勿动）'!A:E,4,0) -> 黎塘监狱 | C301: =VLOOKUP(D301,'匹配表（勿动）'!A:E,5,0) -> 管教职位一 | D301: 45150220 | E301: 178 | F301: =VLOOKUP(D301,'匹配表（勿动）'!A:F,6,0) -> 5 | G301: =ROUND(E301/F301,0)&":"&"1" -> 36:1

Sheet 1.25最少
A1: 地市 | B1: 单位 | C1: 岗位 | D1: 岗位代码 | E1: 报考人数 | F1: 招录人数 | G1: 竞争比
A2: =VLOOKUP(D2,'匹配表（勿动）'!A:E,2,0) -> 北海 | B2: =VLOOKUP(D2,'匹配表（勿动）'!A:E,4,0) -> 中共北海市合浦县委员会办公室 | C2: =VLOOKUP(D2,'匹配表（勿动）'!A:E,5,0) -> 综合职位一 （一级科员） | D2: 45050082 | E2: 12 | F2: =VLOOKUP(D2,'匹配表（勿动）'!A:F,6,0) -> 1 | G2: =ROUND(E2/F2,0)&":"&"1" -> 12:1
A3: =VLOOKUP(D3,'匹配表（勿动）'!A:E,2,0) -> 防城港 | B3: =VLOOKUP(D3,'匹配表（勿动）'!A:E,4,0) -> 防城港市东兴市东兴镇人民政府 | C3: =VLOOKUP(D3,'匹配表（勿动）'!A:E,5,0) -> 人民武装干事职位 | D3: 45060078 | E3: 12 | F3: =VLOOKUP(D3,'匹配表（勿动）'!A:F,6,0) -> 1 | G3: =ROUND(E3/F3,0)&":"&"1" -> 12:1
A4: =VLOOKUP(D4,'匹配表（勿动）'!A:E,2,0) -> 区直 | B4: =VLOOKUP(D4,'匹配表（勿动）'!A:E,4,0) -> 桂林水文中心 | C4: =VLOOKUP(D4,'匹配表（勿动）'!A:E,5,0) -> 水文监测职位四 | D4: 45150106 | E4: 12 | F4: =VLOOKUP(D4,'匹配表（勿动）'!A:F,6,0) -> 1 | G4: =ROUND(E4/F4,0)&":"&"1" -> 12:1
A5: =VLOOKUP(D5,'匹配表（勿动）'!A:E,2,0) -> 区直 | B5: =VLOOKUP(D5,'匹配表（勿动）'!A:E,4,0) -> 自治区第一强制隔离戒毒所 | C5: =VLOOKUP(D5,'匹配表（勿动）'!A:E,5,0) -> 戒毒管理职位一 | D5: 45150122 | E5: 12 | F5: =VLOOKUP(D5,'匹配表（勿动）'!A:F,6,0) -> 2 | G5: =ROUND(E5/F5,0)&":"&"1" -> 6:1
A6: =VLOOKUP(D6,'匹配表（勿动）'!A:E,2,0) -> 区直 | B6: =VLOOKUP(D6,'匹配表（勿动）'!A:E,4,0) -> 自治区第六强制隔离戒毒所 | C6: =VLOOKUP(D6,'匹配表（勿动）'!A:E,5,0) -> 戒毒管理职位三 | D6: 45150138 | E6: 12 | F6: =VLOOKUP(D6,'匹配表（勿动）'!A:F,6,0) -> 1 | G6: =ROUND(E6/F6,0)&":"&"1" -> 12:1
A7: =VLOOKUP(D7,'匹配表（勿动）'!A:E,2,0) -> 区直 | B7: =VLOOKUP(D7,'匹配表（勿动）'!A:E,4,0) -> 英山监狱 | C7: =VLOOKUP(D7,'匹配表（勿动）'!A:E,5,0) -> 管教职位四 | D7: 45150144 | E7: 12 | F7: =VLOOKUP(D7,'匹配表（勿动）'!A:F,6,0) -> 1 | G7: =ROUND(E7/F7,0)&":"&"1" -> 12:1
A8: =VLOOKUP(D8,'匹配表（勿动）'!A:E,2,0) -> 区直 | B8: =VLOOKUP(D8,'匹配表（勿动）'!A:E,4,0) -> 英山监狱 | C8: =VLOOKUP(D8,'匹配表（勿动）'!A:E,5,0) -> 心理矫正职位 | D8: 45150145 | E8: 12 | F8: =VLOOKUP(D8,'匹配表（勿动）'!A:F,6,0) -> 2 | G8: =ROUND(E8/F8,0)&":"&"1" -> 6:1
A9: =VLOOKUP(D9,'匹配表（勿动）'!A:E,2,0) -> 区直 | B9: =VLOOKUP(D9,'匹配表（勿动）'!A:E,4,0) -> 中渡监狱 | C9: =VLOOKUP(D9,'匹配表（勿动）'!A:E,5,0) -> 管教职位二 | D9: 45150150 | E9: 12 | F9: =VLOOKUP(D9,'匹配表（勿动）'!A:F,6,0) -> 1 | G9: =ROUND(E9/F9,0)&":"&"1" -> 12:1
A10: =VLOOKUP(D10,'匹配表（勿动）'!A:E,2,0) -> 区直 | B10: =VLOOKUP(D10,'匹配表（勿动）'!A:E,4,0) -> 西江监狱 | C10: =VLOOKUP(D10,'匹配表（勿动）'!A:E,5,0) -> 管教职位六 | D10: 45150260 | E10: 12 | F10: =VLOOKUP(D10,'匹配表（勿动）'!A:F,6,0) -> 1 | G10: =ROUND(E10/F10,0)&":"&"1" -> 12:1
A11: =VLOOKUP(D11,'匹配表（勿动）'!A:E,2,0) -> 区直 | B11: =VLOOKUP(D11,'匹配表（勿动）'!A:E,4,0) -> 钦州监狱 | C11: =VLOOKUP(D11,'匹配表（勿动）'!A:E,5,0) -> 管教职位二 | D11: 45150277 | E11: 12 | F11: =VLOOKUP(D11,'匹配表（勿动）'!A:F,6,0) -> 1 | G11: =ROUND(E11/F11,0)&":"&"1" -> 12:1
A12: =VLOOKUP(D12,'匹配表（勿动）'!A:E,2,0) -> 区直 | B12: =VLOOKUP(D12,'匹配表（勿动）'!A:E,4,0) -> 梧州监狱 | C12: =VLOOKUP(D12,'匹配表（勿动）'!A:E,5,0) -> 管教职位五 | D12: 45150289 | E12: 12 | F12: =VLOOKUP(D12,'匹配表（勿动）'!A:F,6,0) -> 2 | G12: =ROUND(E12/F12,0)&":"&"1" -> 6:1
A13: =VLOOKUP(D13,'匹配表（勿动）'!A:E,2,0) -> 崇左 | B13: =VLOOKUP(D13,'匹配表（勿动）'!A:E,4,0) -> 崇左市扶绥县纪委监委派驻机构 | C13: =VLOOKUP(D13,'匹配表（勿动）'!A:E,5,0) -> 纪检监察职位三 | D13: 45210021 | E13: 12 | F13: =VLOOKUP(D13,'匹配表（勿动）'!A:F,6,0) -> 1 | G13: =ROUND(E13/F13,0)&":"&"1" -> 12:1
... A301: =VLOOKUP(D301,'匹配表（勿动）'!A:E,2,0) -> 区直 | B301: =VLOOKUP(D301,'匹配表（勿动）'!A:E,4,0) -> 柳城监狱 | C301: =VLOOKUP(D301,'匹配表（勿动）'!A:E,5,0) -> 狱医职位二 | D301: 45150254 | E301: 0 | F301: =VLOOKUP(D301,'匹配表（勿动）'!A:F,6,0) -> 1 | G301: =ROUND(E301/F301,0)&":"&"1" -> 0:1

Sheet 匹配表（勿动）
A1: 职位代码 | B1: 地市 | C1: 招录机关 | D1: 用人单位 | E1: 职位名称 | F1: 招考人数
A2: 45150001 | B2: 区直 | C2: 自治区高级人民法院 | D2: 各级人民法院 | E2: 法官助理职位一 | F2: 140
A3: 45150002 | B3: 区直 | C3: 自治区高级人民法院 | D3: 各级人民法院 | E3: 法官助理职位二 | F3: 140
A4: 45150003 | B4: 区直 | C4: 自治区高级人民法院 | D4: 县级人民法院 | E4: 法官助理职位三 | F4: 40
A5: 45150004 | B5: 区直 | C5: 自治区高级人民法院 | D5: 县级人民法院 | E5: 法官助理职位四 | F5: 40
A6: 45150005 | B6: 区直 | C6: 自治区高级人民法院 | D6: 自治区高级人民法院 | E6: 档案管理职位 | F6: 1
A7: 45150006 | B7: 区直 | C7: 自治区高级人民法院 | D7: 自治区高级人民法院 | E7: 信息技术管理职位 | F7: 1
A8: 45150007 | B8: 区直 | C8: 自治区人民检察院 | D8: 各级人民检察院 | E8: 检察官助理职位一 | F8: 49
A9: 45150008 | B9: 区直 | C9: 自治区人民检察院 | D9: 各级人民检察院 | E9: 检察官助理职位二 | F9: 44
A10: 45150009 | B10: 区直 | C10: 自治区人民检察院 | D10: 县级人民检察院 | E10: 检察官助理职位三 | F10: 21
A11: 45150010 | B11: 区直 | C11: 自治区人民检察院 | D11: 县级人民检察院 | E11: 检察官助理职位四 | F11: 23
A12: 45150011 | B12: 区直 | C12: 自治区人民检察院 | D12: 自治区人民检察院 | E12: 司法行政职位 | F12: 1
A13: 45150012 | B13: 区直 | C13: 自治区人民检察院 | D13: 南宁铁路运输检察院 | E13: 检察技术职位 | F13: 1
... A3472: 145219006 | B3472: 崇左 | C3472: 中共崇左市委组织部 | D3472: 中共崇左市委组织部 | E3472: 选调生岗位六（崇左市） | F3472: 3
